AoeStats
← ITZ | AutocavS

Arena

504384492Analyzed
2v2 RM · 29d ago on Sep 5, 2026· 50m 46s· 4 players
Game mode
Random Map
Map size
Medium (4 player)
Population
200
Speed
Normal
Resources
Standard
Victory
Conquest
Starting age
Dark Age
Ending age
Imperial Age
RankedLock teamsTeams togetherTeam positionsShared explorationLock speedFull tech treeHidden civsTurbo modeCheats
Victory
Defeat
🇦🇷 Aztecs · Argentina
1386
+14
🇦🇷 Saracens · Argentina
1371
+14
🇲🇽 Georgians · Mexico
1331
-14
🇲🇽 Bulgarians · Mexico
1331
-14
Guest
10:45 Feudal Age
14:37 Castle Age
12:57 Double-Bit Axe
14:45 Horse Collar
15:57 Bow Saw
15:54 Heavy Plow
20:12 Fervor
22:30 Stone Mining
22:46 Town Watch
24:04 Wheelbarrow
23:38 Fletching
24:34 Bodkin Arrow
26:15 Devotion
26:33 Loom
27:07 Hand Cart
27:05 Scale Mail Armor
28:19 Bloodlines
28:10 Husbandry
27:31 Light Cavalry
29:49 Forging
31:04 Scale Barding Armor
34:28 Imperial Age
33:24 Iron Casting
33:10 Chain Barding Armor
33:37 Guard Tower
34:08 Ballistics
33:58 Masonry
34:35 Heavy Cavalry Archer
36:31 Chemistry
36:02 Parthian Tactics
35:49 Bracer
35:50 Padded Archer Armor
38:10 Svan Towers
41:47 Masonry
41:42 Siege Engineers
41:41 Gold Mining
45:23 Conscription
45:47 Architecture
47:57 Leather Archer Armor
TheDave
7:47 Loom
12:05 Feudal Age
16:16 Castle Age
14:29 Double-Bit Axe
14:32 Horse Collar
16:02 Gold Mining
16:11 Stone Mining
19:29 Fletching
21:56 Bodkin Arrow
27:13 Bow Saw
37:40 Imperial Age
35:19 Scale Mail Armor
36:27 Wheelbarrow
36:46 Forging
37:36 Chain Mail Armor
37:51 Town Watch
39:12 Plate Mail Armor
39:20 Iron Casting
39:18 Scale Barding Armor
39:57 Conscription
41:19 Chain Barding Armor
42:14 Plate Barding Armor
44:57 Blast Furnace
44:44 Gambesons
44:29 Pikeman
46:00 Squires
47:57 Chemistry
47:18 Ballistics
47:08 Masonry
47:04 Siege Engineers
49:14 Heavy Plow
ITZ | AutocavS
10:43 Feudal Age
10:19 Loom
15:39 Castle Age
13:54 Double-Bit Axe
13:50 Horse Collar
23:25 Stone Mining
25:12 Wheelbarrow
24:26 Town Watch
26:14 Gold Mining
27:40 Gold Shaft Mining
27:53 Heavy Plow
28:47 Hand Cart
31:35 Imperial Age
29:53 Forging
29:49 Scale Barding Armor
30:27 Bloodlines
30:18 Husbandry
31:35 Iron Casting
32:49 Chain Barding Armor
33:08 Elite Mameluke
34:09 Conscription
35:47 Blast Furnace
35:23 Plate Barding Armor
41:04 Light Cavalry
42:35 Hussar
ITZ | Cappe73
8:05 Loom
10:45 Feudal Age
14:28 Castle Age
14:16 Gold Mining
14:14 Double-Bit Axe
16:28 Sanctity
17:47 Gold Shaft Mining
17:30 Fervor
19:13 Horse Collar
20:14 Atonement
22:09 Redemption
23:41 Herbal Medicine
25:30 Wheelbarrow
24:41 Town Watch
30:59 Imperial Age
32:24 Bow Saw
32:59 Block Printing
33:20 Hand Cart
33:11 Heavy Plow
33:35 Scale Mail Armor
34:24 Conscription
34:57 Illumination
35:10 Squires
35:08 Pikeman
36:19 Garland Wars
36:14 Forging
37:01 Chain Mail Armor
38:05 Theocracy
37:41 Arson
38:31 Plate Mail Armor
38:36 Iron Casting
37:50 Eagle Warrior
38:45 Elite Eagle Warrior
42:08 Elite Jaguar Warrior
44:18 Blast Furnace
44:27 Coinage
45:56 Caravan
46:27 Banking
50:45 Crop Rotation
Connection lost

Rejoining the realm…

Still unreachable

The connection could not be restored.

Session expired

The server has moved on; the page needs a fresh start.